 Dungeon Crawl Stone Soup version 0.28-a0-1404-g4df0f3684d (webtiles) character file.

Game seed: 1921904240356002797

242 zap2161 the Conjurer (level 5, -1/28 HPs)
             Began as a Deep Elf Conjurer on Jan 5, 2022.
             Was a Follower of Ru.
             Slain by Natasha (5 damage)
             ... on level 3 of the Dungeon.
             The game lasted 00:34:13 (2155 turns).

zap2161 the Conjurer (Deep Elf Conjurer)            Turns: 2155, Time: 00:34:14

Health: -1/28      AC:  2    Str:  4    XL:     5   Next: 82%
Magic:  1/14       EV: 12    Int: 25    God:    Ru [*.....]
Gold:   112        SH:  0    Dex: 13    Spells: 2/14 levels left

rFire   . . .      SeeInvis .   f - staff of cold
rCold   + . .      Faith    .   (no shield)
rNeg    . . .      Spirit   .   a - +0 robe
rPois   .          Reflect  .   (no helmet)
rElec   .          Harm     .   (no cloak)
rCorr   .          Rampage  .   (no gloves)
Will    .....                   (no boots)
Stlth   ++........              (no amulet)
HPRegen 0.09/turn               (no ring)
MPRegen 0.14/turn               (no ring)

@: no status effects
A: weak-willed 1
a: Renounce Religion


You were on level 3 of the Dungeon.
You worshipped Ru.
Ru was aware of your devotion.
You visited 1 branch of the dungeon, and saw 3 of its levels.
You also visited: Sewer.

You collected 112 gold pieces.

Inventory:

Hand Weapons
 k - the +5 spear of Famine {freeze, Will++}
   (You found it on level 2 of the Dungeon)

   It freezes those it strikes, dealing additional cold damage.
   It can also slow down cold-blooded creatures.
   Will:      It greatly increases your willpower.
 p - a +2 spear of venom
Missiles
 b - 4 boomerangs
 j - 54 arrows
Armour
 a - a +0 robe (worn)
Magical Staves
 f - a staff of cold (weapon)
Scrolls
 c - 2 scrolls of magic mapping
 d - a scroll of torment {unknown}
 g - a scroll of identify
 h - a scroll of vulnerability {unknown}
 o - a scroll of enchant weapon {unknown}
 q - a scroll of brand weapon {unknown}
 r - a scroll of fog {unknown}
 t - a scroll of fear {unknown}
 u - a scroll of immolation {unknown}
Potions
 e - a potion of cancellation {unknown}
 i - a potion of mutation {unknown}
 l - a potion of brilliance {unknown}
 m - a potion of ambrosia {unknown}
 n - 2 potions of curing
 s - a potion of attraction {unknown}
 v - a potion of invisibility {unknown}


   Skills:
 + Level 0.4 Staves
 + Level 2.4 Dodging
 + Level 2.6 Stealth
 * Level 5.0 Spellcasting
 * Level 6.3 Conjurations
 * Level 2.4 Hexes
 * Level 0.3 Ice Magic
 * Level 0.9 Evocations


You had 2 spell levels left.
You knew the following spells:

 Your Spells              Type           Power      Damage    Failure   Level
a - Magic Dart            Conj           100%       1d8       1%          1
b - Searing Ray           Conj           74%        2d7       1%          2
c - Dazzling Flash        Conj/Hex       56%        N/A       4%          3
d - Fulminant Prism       Conj/Hex       14%        3d9       14%         4
e - Ensorcelled Hibernat  Hex/Ice        40%        N/A       7%          2

Your spell library contained the following spells:

 Spells                   Type           Power      Damage    Failure   Level
 Iskenderun's Mystic Bla  Conj/Tloc      22%        2d6       22%         4
 Gell's Gravitas          Tloc           6%         N/A       24%         3
 Lesser Beckoning         Tloc           6%         N/A       24%         3
 Spider Form              Tmut/Pois      6%         N/A       24%         3
 Teleport Other           Tloc           6%         N/A       24%         3


Dungeon Overview and Level Annotations

Branches:
Dungeon (3/15)              Sewer (visited)

Altars:
Ru

Shops:
D:3 (

Annotations:
D:3 Natasha


Innate Abilities, Weirdness & Mutations

You are slightly weak-willed. (Will-)


Message History

You kill the worm!
Natasha, Servant of Life and Death comes into view.
She is carrying a wand of flame (18).
Natasha hisses angrily.
Natasha mumbles some strange words.
Natasha shimmers violently.
Natasha mumbles some strange words.
Natasha mumbles some strange words.
The crimson imp closely misses you.
The crimson imp blinks!
Natasha wildly gestures.
You feel disoriented. Natasha barely misses you.
Natasha zaps a wand.
The puff of flame hits you.
Natasha mumbles some strange words.
Natasha shimmers violently.
Natasha barely misses you.
Natasha mumbles some strange words.
The crimson imp blinks!
Natasha zaps a wand.
The puff of flame hits you.
Natasha zaps a wand.
The puff of flame hits you. Natasha claws you.
* * * LOW HITPOINT WARNING * * *
Casting: Magic Dart (safe; 1% risk of failure)
Confirm with . or Enter, or press ? or * to list all spells.
Casting: Dazzling Flash (dangerous; 4% risk of failure)
Press: ? - help, Dir - look around, f - activate You redirect the crimson imp's attack!
Natasha is stunned by your conviction and fails to attack.
The crimson imp blinks!
Natasha stares at you and mumbles some strange words.
The magic dart hits you.
* * * LOW HITPOINT WARNING * * *
The crimson imp begins to attack, but is stunned by your conviction!
The shadow imp shouts, "Run away, thou delicate fat-kidneyed nightsoil!"
The crimson imp begins to attack, but is stunned by your conviction!
Casting: Dazzling Flash (dangerous; 4% risk of failure)
Confirm with . or Enter, or press ? or * to list all spells.
Casting: Dazzling Flash (dangerous; 4% risk of failure)
Press: ? - help, Dir - look around, f - activate Natasha is dazzled.
The shadow imp is dazzled.
Natasha claws you.
You die...

......,,....,,...,#...# #..#.#.#
......,,....,,....###.###....#)#
.......,,,****#...#........###.#
........,,*####..##......### #.#
......?..###.....##......# #)#
........†55..##..##......# #.#
...##...###..###.#.......#####.#
...............#...........<##.##
...............#@.......##.......
.#.......####..h........##.......
##.#.###.,**####..###............
#,,.,,,.,,,,...........###.......
#.#.#.....###.....##...# #.......
#...#.....#...#....#...# #####.##
#.#*#......>###.......########.#
..###...[.............†.....##.#
...##.....#**###......#####....#


You could see Natasha (blind).

Vanquished Creatures
  Natasha (twice) (D:3)
  A hell rat (Sewer)
  4 gnolls
  3 adders
  3 river rats (Sewer)
  4 worms
  A dart slug (D:3)
  5 endoplasms
  2 giant cockroaches (D:1)
  7 hobgoblins
  6 jackals
  3 quokkas
  4 ball pythons
  2 bats
  4 frilled lizards
  5 goblins
  4 kobolds (D:1)
  15 rats
75 creatures vanquished.

Notes
Turn   | Place    | Note
-------+----------+-------------------------------------------
     0 | D:1      | zap2161 the Deep Elf Conjurer began the quest for the Orb.
     0 | D:1      | Reached XP level 1. HP: 10/10 MP: 6/6
    30 | D:1      | Reached XP level 2. HP: 13/15 MP: 0/8
   175 | D:1      | Reached skill level 5 in Conjurations
   221 | D:1      | Learned a level 2 spell: Searing Ray
   396 | D:1      | Reached XP level 3. HP: 19/19 MP: 6/9
   677 | D:2      | Reached skill level 1 in Hexes
   857 | D:2      | Learned a level 3 spell: Dazzling Flash
   926 | D:2      | Identified the +5 spear of Famine {freeze, Will++}
  1340 | D:3      | Found a faded altar of an unknown god.
  1343 | D:3      | Reached XP level 4. HP: 24/24 MP: 7/11
  1344 | D:3      | Found Roigy's Antique Weapon Boutique.
  1360 | D:3      | Prayed at the altar of an unknown god.
  1360 | D:3      | Became a worshipper of Ru the Awakened
  1390 | D:3      | Gained mutation: You are slightly weak-willed. (Will-) [Ru
                  | sacrifice]
  1390 | D:3      | Reached * piety under Ru
  1450 | D:3      | Learned a level 4 spell: Fulminant Prism
  1542 | D:3      | Noticed Natasha
  1546 | D:3      | Killed Natasha
  1604 | D:3      | Reached XP level 5. HP: 23/28 MP: 1/13
  1694 | D:3      | Found a glowing drain.
  1709 | D:3      | Reached skill level 6 in Conjurations
  1712 | D:3      | Learned a level 2 spell: Ensorcelled Hibernation
  1720 | Sewer    | Entered a sewer
  2073 | D:3      | Noticed Natasha
  2080 | D:3      | Killed Natasha
  2081 | D:3      | Reached skill level 5 in Spellcasting
  2135 | D:3      | Noticed Natasha
  2155 | D:3      | Slain by Natasha

Illustrated notes

Levels and vault maps discovered:
D:1:      amcnicky_arrival_feature_with_door, layout_basic, minmay_pentomino_v4
D:2:      layout_basic
D:3:      layout_rooms, serial_shops, nicolae_square_shop,
          cheibrodos_sewer_entry_bend, basic_ecumenical_altar,
          kennysheep_generic_room_16, uniq_natasha

Skill      XL: |  1  2  3  4  5 |
---------------+----------------+-----
Conjurations   | 5 6 |  6.3
Hexes          | 1 2 |  2.4
Spellcasting   | 4 5 |  5.0
Staves         | |  0.4
Dodging        | |  2.4
Stealth        | |  2.6
Ice Magic      | |  0.3
Evocations     | |  0.9

Action                   |  1- 3 |  4- 6 || total
-------------------------+-------+-------++-------
Melee: Dagger            |     1 |       ||     1
       Spear             |       |     1 ||     1
 Cast: Magic Dart        |    67 |    82 ||   149
       Searing Ray       |     3 |     3 ||     6
       Dazzling Flash    |       |     3 ||     3
Invok: Sacrifice Essence |       |     1 ||     1
  Use: Potion            |       |     1 ||     1
       Scroll            |       |     2 ||     2
Armor: Robe              |     1 |       ||     1
Dodge: Dodged            |     5 |     8 ||    13

Table legend: (Time is in decaauts)
 A = Elapsed time spent in this place.
 B = Non-inter-level travel time spent in this place.
 C = Inter-level travel time spent in this place.
 D = Time resting spent in this place.
 E = Time spent auto-exploring this place.
 F = Levels seen in this place.
 G = Mean time per level.
                   A        B        C        D        E       F      G
               +--------+--------+--------+--------+--------+-----+--------+
         Total |   2171 |   2171 |      0 |      0 |      0 |   4 |  542.8 |
       Dungeon |   1872 |   1872 |      0 |      0 |      0 |   3 |  624.0 |
         Sewer |    298 |    298 |      0 |      0 |      0 |   1 |  298.0 |
               +--------+--------+--------+--------+--------+-----+--------+

Top non-repeatable levels by time:
     D:1: 647 daAuts
     D:2: 616 daAuts
     D:3: 609 daAuts
   Sewer: 298 daAuts
